 Dungeon Crawl Stone Soup version 0.20.0-10-g0535bb4 (console) character file.

51 bli the Magician (level 3, -2/27 HPs)
             Began as a Merfolk Wanderer on June 3, 2017.
             Slain by an adder (3 damage)
             ... on level 3 of the Dungeon.
             The game lasted 00:08:56 (1764 turns).

bli the Magician (Merfolk Wanderer)                 Turns: 1764, Time: 00:08:56

Health: -2/27      AC:  2    Str: 14    XL:     3   Next: 83%
Magic:  8/8        EV: 12    Int: 10    God:
Gold:   79         SH:  0    Dex: 13    Spells: 8/9 levels left

rFire    . . .     SeeInvis .   a - +0 spear
rCold    + . .     Gourm    .   (no shield)
rNeg     . . .     Faith    .   d - +0 robe
rPois    .         Spirit   .   (no helmet)
rElec    .         Reflect  .   (no cloak)
rCorr    .         Harm     .   (no gloves)
MR       .....                  (no boots)
Stlth    +.........             (no amulet)
Regen    0.1/turn               q - ring of protection from cold
MPRegen  0.2/turn               (no ring)

@: lethally poisoned (-2 -> -6)
A: change form in water, swift swim, stealthy swim
a: no special abilities


You were on level 3 of the Dungeon.
You were not hungry.

You visited 1 branch of the dungeon, and saw 3 of its levels.

You collected 79 gold pieces.

Inventory:

Hand Weapons
 a - a +0 spear (weapon)
 c - a +0 short sword
 s - a +2 dagger of venom
Missiles
 e - 123 stones (quivered)
 h - 5 tomahawks of returning
Armour
 d - a +0 robe (worn)
Jewellery
 q - a ring of protection from cold (left hand)
Scrolls
 i - 2 scrolls of remove curse {unknown}
 j - 2 scrolls of immolation {unknown}
 n - 3 scrolls of teleportation {unknown}
 o - a scroll of recharging {unknown}
 p - a scroll of enchant weapon {unknown}
 r - a scroll of fog {unknown}
Potions
 k - 2 potions of curing {unknown}
 l - a potion of brilliance {unknown}
 t - a potion of heal wounds {unknown}
 v - a potion of might {unknown}
Books
 b - Riwux's Almanac of Heat

   Spells                             Type                      Level
   a - Flame Tongue                   Conjuration/Fire             1
   b - Ignite Poison                  Fire/Transmutation/Poison    3
 g - a book of Callings

   Spells                             Type                      Level
   a - Summon Small Mammal            Summoning                    1
   b - Call Imp                       Summoning                    2
   c - Call Canine Familiar           Summoning                    3
   d - Summon Guardian Golem          Hexes/Summoning              3
   e - Summon Lightning Spire         Summoning/Air                4
   f - Summon Ice Beast               Ice/Summoning                4
Comestibles
 f - 2 bread rations
 m - 2 meat rations
 u - 3 fruits
 w - a chunk of flesh


   Skills:
 * Level 1.8 Fighting
 - Level 1.2 Short Blades
 * Level 2.6 Polearms
 - Level 1.0 Throwing
 + Level 2.0 Dodging
 + Level 0.2 Stealth
 + Level 3.5 Spellcasting
 + Level 2.0 Summonings
   Level 1.0 Evocations


You had 8 spell levels left.
You knew the following spells:

 Your Spells              Type           Power        Failure   Level  Hunger
a - Summon Small Mammal   Summ           #...         12%         1    #......


Dungeon Overview and Level Annotations

Branches:
Dungeon (3/15)

Altars:


Message History

You closely miss the adder.
The adder is severely wounded.
The adder bites you.
* * * LOW HITPOINT WARNING * * *
The adder bites you but does no damage.
Your rat completely misses the adder.
You hit the adder but do no damage.
The adder is severely wounded.
The adder bites you.
* * * LOW HITPOINT WARNING * * *
Your rat misses the adder. You barely miss the adder.
The adder is severely wounded.
You feel sick. The adder misses you.
Your rat barely misses the adder.
You barely miss the adder.
The adder is severely wounded.
The adder bites you.
* * * LOW HITPOINT WARNING * * *
You are more poisoned.
The adder poisons you!
Your rat bites the adder.
The adder bites you.
You die...

...........# #)##..###.
...........# #.##......
...........# #.##...÷..
...........#####.##..###.
........##†..............
........b†...............
........###########.####.
.....###........ ...# #.
..... #........ ...####.
...h #........ #.... ...
#@r...... #.... ..h
#S....... #.... #.?......
#.... #........ #....
......... #.... #........
#.... ##+###### #....
#.... .... ##


You could see an adder and a friendly rat.

Vanquished Creatures
  An adder (D:2)
  2 dart slugs (D:1)
  A leopard gecko (D:1)
  A giant cockroach (D:3)
  6 goblins
  3 hobgoblins
  4 jackals
  5 kobolds
  5 bats
  A frilled lizard (D:2)
  5 rats
34 creatures vanquished.

Vanquished Creatures (collateral kills)
  A goblin (D:1)
  A jackal (D:3)
2 creatures vanquished.

Grand Total: 36 creatures vanquished

Notes
Turn   | Place    | Note
-------+----------+-------------------------------------------
     0 | D:1      | bli the Merfolk Wanderer began the quest for the Orb.
     0 | D:1      | bli set off with: a book of Callings, Riwux's Almanac of Heat, a +0 short sword, a +0 robe, a bread ration
     0 | D:1      | Reached XP level 1. HP: 15/15 MP: 4/4
     0 | D:1      | Identified Riwux's Almanac of Heat
     3 | D:1      | Learned a level 1 spell: Summon Small Mammal
   114 | D:1      | Reached XP level 2. HP: 21/21 MP: 6/6
   189 | D:1      | Reached skill level 1 in Polearms
   743 | D:2      | Reached XP level 3. HP: 16/26 MP: 8/8
  1764 | D:3      | HP: 1/27 [adder (4)]
  1764 | D:3      | Slain by an adder

Skill      XL: |  1  2  3 |
---------------+----------+-----
Polearms       | 2 |  2.6
Dodging        | 2 |  2.0
Fighting       | |  1.8
Short Blades   | |  1.2
Throwing       | |  1.0
Stealth        | |  0.2
Spellcasting   | |  3.5
Summonings     | |  2.0
Evocations     | |  1.0

Action                   || total
-------------------------++-------
Melee: Spear             ||   154
       Short sword       ||     2
 Cast: Summon Small Mamm ||     6
 Stab: Distracted        ||     2
       Sleeping          ||     3
  Eat: Chunk             ||     3
Armor: Robe              ||    29
Dodge: Dodged            ||    91
